 Dungeon Crawl Stone Soup version 0.30-a0-870-gc5d4c5acee (webtiles) character file.

Game seed: 7719127046949330583

9653 cforsyth the Cleaver (level 11, -6/93 HPs)
             Began as a Barachi Fighter on Mar 12, 2023.
             Was a High Priest of Cheibriados.
             Mangled by a two-headed ogre
             ... wielding a +0 giant club
              (17 damage)
             ... on level 11 of the Dungeon.
             The game lasted 00:13:41 (11707 turns).

cforsyth the Cleaver (Barachi Fighter)             Turns: 11707, Time: 00:13:41

Health: -6/93      AC: 15    Str: 31 (33) XL:     11   Next: 49%
Magic:  11/11      EV: 10    Int: 25      God:    Cheibriados [*****.]
Gold:   579        SH: 13    Dex: 22 (23) Spells: 10/10 levels left

rFire   + . .      SeeInvis +    B - +2 hand axe (elec)
rCold   + + +      Faith    .    F - +0 kite shield
rNeg    . . .      Spirit   .    L - +4 skin of Zhor {*Englaciate rC+++ SInv}
rPois   .          Reflect  .    (no helmet)
rElec   .          Rampage  .    m - +2 cloak
rCorr   .                        D - +0 pair of gloves
Will    .....                    G - +0 pair of boots
Stlth   ++                       (no amulet)
HPRegen 0.35/turn                l - ring of protection from fire
MPRegen 0.12/turn                o - +6 ring of intelligence

@: marked, studying Axes, very slow
A: amphibious, slowness 1, strong legs 1, +LOS, iridescent scales 1,
deterioration 1, mutation resistance 1
a: Hop, Renounce Religion, Bend Time, Temporal Distortion, Slouch, Step From
Time


You were on level 11 of the Dungeon.
You worshipped Cheibriados.
Cheibriados was extremely pleased with you.
You visited 2 branches of the dungeon, and saw 12 of its levels.

You collected 662 gold pieces.
You spent 83 gold pieces at shops.

Inventory:

Hand Weapons
 a - a +0 war axe
 B - a +2 hand axe of electrocution (weapon)
Armour
 b - a +0 scale mail
 c - a +0 buckler
 m - a +2 cloak (worn)
 D - a +0 pair of gloves (worn)
 F - a +0 kite shield (worn)
 G - a +0 pair of boots (worn)
 L - the +4 skin of Zhor (worn) {*Englaciate rC+++ SInv}
   (You found it on level 8 of the Dungeon)

   *Englaciate: It radiates cold, occasionally slowing all nearby creatures who
   are not resistant to cold.
   rC:        It renders you almost immune to cold.
   SInv:      It lets you see invisible.
Jewellery
 l - a ring of protection from fire (left hand)
 o - a +6 ring of intelligence (right hand)
 C - an amulet of regeneration
Wands
 t - a wand of flame (25)
 E - a wand of iceblast (3)
 J - a wand of paralysis (8)
 P - a wand of polymorph (6)
Scrolls
 e - 2 scrolls of amnesia {unknown}
 g - 2 scrolls of enchant weapon {unknown}
 h - 4 scrolls of immolation
 i - 4 scrolls of teleportation
 j - a scroll of fear {unknown}
 n - a scroll of vulnerability {unknown}
 p - a scroll of poison {unknown}
 r - a scroll of noise {unknown}
 s - 2 scrolls of butterflies {unknown}
 w - a scroll of torment
 y - 2 scrolls of magic mapping {unknown}
 I - 2 scrolls of fog {unknown}
 M - 2 scrolls of identify
 N - a scroll of acquirement {unknown}
 O - a scroll of enchant armour {unknown}
Potions
 d - a potion of might
 f - 5 potions of mutation
 k - 3 potions of degeneration
 q - a potion of berserk rage
 u - a potion of magic
 v - 2 potions of ambrosia
 x - 2 potions of flight
 z - 2 potions of brilliance
 A - 4 potions of curing
 H - a potion of heal wounds
 K - 2 potions of haste {unknown}


   Skills:
 + Level 11.2 Fighting
 + Level 11.3 Axes
 + Level 11.2 Armour
 + Level 10.3 Shields


You had 10 spell levels left.
You didn't know any spells.
Your spell library contained the following spells:

 Spells                   Type           Power      Damage    Failure   Level
 Sandblast                Erth           0%         2d4       30%         1
 Summon Small Mammal      Summ           0%         N/A       30%         1
 Lesser Beckoning         Tloc           0%         N/A       41%         2
 Passwall                 Tmut/Erth      0%         N/A       41%         2
 Scorch                   Fire           0%         2d5       41%         2
 Sublimation of Blood     Necr           0%         N/A       41%         2
 Call Canine Familiar     Summ           0%         N/A       65%         3
 Stone Arrow              Conj/Erth      0%         3d7       65%         3
 Summon Guardian Golem    Hex/Summ       0%         N/A       65%         3


Dungeon Overview and Level Annotations

Branches:
Dungeon (11/15)            Temple (1/1) D:4            Lair (0/5) D:10
    Orc: D:9-12

Altars:
Ashenzari
Cheibriados
Gozag
Hepliaklqana
Kikubaaqudgha
Nemelex Xobeh
Okawaru
Qazlal
Trog
Vehumet

Shops:
D:3 *   D:4 *

Annotations:
D:7 2 transporters, ZoeForever1's ghost, novice DsRe
D:10 exclusion: ice statue
D:11 Harold


Innate Abilities, Weirdness & Mutations

You are amphibious.
You cover ground slowly.
You can hop short distances.
You have an extended range of vision and can be seen from far away.
You are partially covered in iridescent scales. (AC +2)
Your body sometimes deteriorates upon taking damage.
You are somewhat resistant to further mutation.


Message History

You block the two-headed ogre's attack.
The two-headed ogre completely misses you.
You radiate an aura of cold.
The two-headed ogre seems to slow down.
The ogre seems to slow down.
The ogre mage seems to slow down.
Harold seems to slow down.
An ogre comes into view. It is wielding a +0 giant club.
The two-headed ogre attacks as you move away!
The two-headed ogre hits you with a +0 giant club!
The two-headed ogre hits you with a +0 giant spiked club!!
Your body deteriorates!
You feel clumsy.
You radiate an aura of cold.
The two-headed ogre resists.
The ogre seems to slow down.
Harold seems to slow down.
Harold casts a spell at you.
You barely resist.
The two-headed ogre attacks as you move away!
You block the two-headed ogre's attack.
The two-headed ogre hits you but does no damage.
You radiate an aura of cold.
The two-headed ogre seems to slow down.
Harold seems to slow down.
The ogre seems to slow down.
The two-headed ogre seems to slow down.
The two-headed ogre is no longer moving slowly.
You radiate an aura of cold.
The two-headed ogre seems to slow down.
Harold seems to slow down.
The ogre seems to slow down.
The two-headed ogre seems to slow down.
The ogre seems to slow down.
The ogre mage gestures wildly while chanting.
The ogre mage flickers and vanishes for a moment.
The two-headed ogre hits you with a +0 giant club.
The two-headed ogre hits you with a +0 giant spiked club.
The two-headed ogre attacks as you move away!
The two-headed ogre hits you with a +0 giant club!
The two-headed ogre hits you with a +0 giant spiked club!
* * * LOW HITPOINT WARNING * * *
You radiate an aura of cold.
The two-headed ogre seems to slow down.
Harold seems to slow down.
The ogre seems to slow down.
The two-headed ogre seems to slow down.
There is a stone staircase leading up here.
The two-headed ogre hits you with a +0 giant club!
* * * LOW HITPOINT WARNING * * *
The two-headed ogre hits you with a +0 giant spiked club!
You die...

....................รท............
....##########.#####.#####.######
.... #.# #.# #.# .... #.# #.# #.#
.... #.# #.# #.#
...O##########.#####.#####.######
..OO....O..O...@.................
##......OO.#####O########.######.
#.........# #@# #. #. #.........#
#.# #> #. #.........# #.# #. #.
#.........# #.# #. #. #.........#
#.# #. #. #.........# #.# #. #.
#.........# #.# #. #. #.# #. #.#


You could see Harold (slow) and a two-headed ogre (slow).

Vanquished Creatures
  2 two-headed ogres (D:10)
  2 kobold demonologists
  3 trolls (D:10)
  A shadow (D:10)
  8 yaks
  4 fire bats (D:9)
  3 wyverns
  A wraith (D:9)
  3 steam dragons
  Menkaure (D:6)
  2 acid dragons
  A water moccasin (D:8)
  A hell hound (D:9)
  2 orc warriors
  3 ice beasts
  3 centaurs
  A phantom (D:5)
  2 kobold brigands
  3 bullfrogs
  A gnoll sergeant (D:6)
  6 scorpions
  5 wights (D:10)
  A jelly (D:4)
  28 killer bees
  2 howler monkeys
  2 lava snakes (D:9)
  A hound (D:5)
  A gnoll bouda (D:5)
  8 orc priests
  6 orc wizards
  14 gnolls
  5 adders
  A white imp (D:5)
  2 ufetubi
  4 worms
  3 dart slugs
  22 orcs
  4 endoplasms
  2 giant cockroaches
  7 goblins
  8 hobgoblins
  10 jackals
  17 kobolds
  7 quokkas
  8 ball pythons
  6 bats
  3 frilled lizards
  5 rats
  A fire vortex (D:9)
236 creatures vanquished.

Vanquished Creatures (others)
  2 orc wizards
  10 demonic plants (D:1)
  2 fire vortices (D:9)
  10 fungi (D:1)
  14 plants
38 creatures vanquished.

Grand Total: 274 creatures vanquished

Notes
Turn   | Place    | Note
-------+----------+-------------------------------------------
     0 | D:1      | cforsyth the Barachi Fighter began the quest for the Orb.
     0 | D:1      | Reached XP level 1. HP: 18/18 MP: 1/1
    62 | D:1      | Reached XP level 2. HP: 25/25 MP: 2/2
   233 | D:1      | Found a faded altar of an unknown god.
   244 | D:1      | Reached XP level 3. HP: 27/30 MP: 3/3
   458 | D:2      | Reached XP level 4. HP: 22/37 MP: 4/4
  1580 | D:3      | Found a sparkling altar of Nemelex Xobeh.
  1776 | D:3      | Found Tabb's Assorted Antiques.
  1782 | D:3      | Bought a scroll labelled RIONEK DE VOXT for 17 gold pieces
  1782 | D:3      | Bought a scroll labelled HEQUISCH FUKY for 17 gold pieces
  1782 | D:3      | Bought a scroll labelled RIONEK DE VOXT for 17 gold pieces
  1782 | D:3      | Bought a gluggy clear potion for 15 gold pieces
  1782 | D:3      | Bought a scroll labelled ODY CETTOIM for 17 gold pieces
  1950 | D:3      | Reached XP level 5. HP: 43/43 MP: 5/5
  2257 | D:4      | Found Plog's General Store.
  2547 | D:5      | Entered Level 5 of the Dungeon
  2561 | D:4      | Reached skill level 5 in Fighting
  2561 | D:4      | Reached skill level 5 in Armour
  2561 | D:4      | Reached XP level 6. HP: 40/51 MP: 6/6
  3226 | D:5      | Reached skill level 5 in Shields
  3226 | D:5      | Reached XP level 7. HP: 51/56 MP: 7/7
  3282 | D:5      | HP: 2/57 [poisoned by an orc wizard]
  3289 | D:5      | Gained mutation: Your body sometimes deteriorates upon
                  | taking damage. [potion of mutation]
  3289 | D:5      | Gained mutation: You are somewhat resistant to further
                  | mutation. [potion of mutation]
  3289 | D:5      | Gained mutation: You are partially covered in iridescent
                  | scales. (AC +2) [potion of mutation]
  3306 | D:5      | HP: 1/57 [poisoned by an orc wizard]
  3584 | D:5      | Found a radiant altar of Vehumet.
  3584 | D:5      | Found a hazy altar of Hepliaklqana.
  4196 | D:5      | Reached skill level 5 in Axes
  4208 | D:5      | HP: 1/58 [orc priest/+2 flail of holy wrath (7)]
  4457 | D:4      | Found a staircase to the Ecumenical Temple.
  4537 | D:4      | Reached XP level 8. HP: 43/65 MP: 8/8
  4564 | Temple   | Entered the Ecumenical Temple
  4677 | Temple   | Became a worshipper of Cheibriados the Contemplative
  5186 | D:6      | Noticed a wyvern
  5198 | D:6      | Killed a wyvern
  5509 | D:6      | Noticed Menkaure
  5514 | D:6      | Killed Menkaure
  5862 | D:6      | Reached XP level 9. HP: 53/72 MP: 9/9
  6120 | D:6      | Reached * piety under Cheibriados
  6953 | D:7      | Noticed ZoeForever1's ghost (novice DsRe)
  6954 | D:7      | Noticed a cyclops
  6955 | D:7      | Found a transporter.
  6957 | D:7      | Noticed a gargoyle
  6986 | D:7      | Noticed a skeletal warrior
  6986 | D:7      | Found the +5 scythe "Finisher" {speed, eviscerate}
  7008 | D:7      | Found a transporter.
  7120 | D:8      | Found the +4 skin of Zhor {*Englaciate rC+++ SInv}
  7726 | D:8      | Reached ** piety under Cheibriados
  8149 | D:9      | Noticed a kobold demonologist
  8161 | D:9      | Killed a kobold demonologist
  8431 | D:9      | Reached XP level 10. HP: 83/83 MP: 10/10
  8501 | D:9      | Got Sif Muna's Easy Incantation
  8535 | D:9      | Reached *** piety under Cheibriados
  9338 | D:9      | Reached skill level 10 in Fighting
  9338 | D:9      | Reached skill level 10 in Armour
  9485 | D:10     | Entered Level 10 of the Dungeon
  9501 | D:10     | Noticed an ice statue
  9565 | D:10     | Noticed a kobold demonologist
  9585 | D:10     | Killed a kobold demonologist
  9588 | D:10     | Reached **** piety under Cheibriados
  9686 | D:10     | Noticed a two-headed ogre
  9698 | D:10     | Killed a two-headed ogre
  9699 | D:10     | Reached skill level 10 in Axes
  9760 | D:10     | Reached XP level 11. HP: 89/92 MP: 11/11
  9801 | D:10     | Found a staircase to the Lair.
 10440 | D:10     | Reached skill level 10 in Shields
 10627 | D:10     | Found a bloodstained altar of Trog.
 10755 | D:10     | Noticed a two-headed ogre
 10766 | D:10     | Killed a two-headed ogre
 11081 | D:11     | Noticed a manticore
 11395 | D:11     | Reached ***** piety under Cheibriados
 11690 | D:11     | Noticed Harold
 11693 | D:11     | Noticed a two-headed ogre
 11694 | D:11     | Noticed a two-headed ogre
 11697 | D:11     | Noticed an ogre mage
 11707 | D:11     | Mangled by a two-headed ogre

Illustrated notes

Levels and vault maps discovered:
D:1:      dpeg_arrival_three_same_balls, layout_rooms,
          shapermc_ecumenical_altar_gd
D:2:      layout_basic
D:3:      layout_loops_cross, old_standard_altar, serial_shops, shop
D:4:      cheibrodos_old_hovel, layout_basic, temple_doors_e, serial_shops,
          shop_statue
D:5:      layout_basic, gammafunk_temple_overflow_statue
D:6:      layout_basic, eino_tiny_chamber, uniq_menkaure
D:7:      layout_basic, amethyst_overflow_temple_binary, nzn_ghost_randoct,
          grunt_ministairs_2, nicolae_inconvenience_store,
          minmay_guarded_unrand_finisher, uniq_pikel
D:8:      layout_layer_cave, glass_columns_a
D:9:      layout_rooms, hangedman_incinerator
D:10:     minmay_recursive_quarters, layout_stronghold, general_overflow_altar,
          minivault_16, chequers_hall_statues_y, st_stairs_2
D:11:     cheibrodos_steamvent, layout_small_grid, david_orc_5, serial_shops,
          nicolae_shop_temple_entry_statues_fountains, uniq_psyche, uniq_harold
Temple:   nicolae_temple_elliptical

Skill      XL: |  1  2  3  4  5  6  7  8  9 10 11 |
---------------+----------------------------------+-----
Armour         | 4 5 6 7 9 10 11 | 11.2
Fighting       | 4 5 6 7 9 10 11 | 11.2
Axes           | 3 4 5 6 7 10 11 | 11.3
Shields        | 4 5 6 8 9 10 | 10.3

Action                     |  1- 3 |  4- 6 |  7- 9 | 10-12 || total
---------------------------+-------+-------+-------+-------++-------
  Melee: War axe           |    74 |   208 |   141 |       ||   423
         Hand axe          |       |       |   213 |   260 ||   473
    Use: Potion            |       |       |     9 |       ||     9
         Scroll            |       |       |     6 |       ||     6
   Stab: Sleeping          |       |       |       |     2 ||     2
 Armour: Scale mail        |    59 |    95 |   186 |    42 ||   382
         Animal skin       |       |       |       |    62 ||    62
  Dodge: Dodged            |    59 |    93 |   161 |    97 ||   410
  Block: Buckler           |    19 |    41 |    52 |       ||   112
         Kite shield       |       |       |   112 |   156 ||   268

Table legend: (Time is in decaauts)
 A = Elapsed time spent in this place.
 B = Non-inter-level travel time spent in this place.
 C = Inter-level travel time spent in this place.
 D = Time resting spent in this place.
 E = Time spent auto-exploring this place.
 F = Levels seen in this place.
 G = Mean time per level.
                   A        B        C        D        E       F      G
               +--------+--------+--------+--------+--------+-----+--------+
         Total |  15266 |  14000 |   1266 |   2172 |   9590 |  12 | 1272.2 |
       Dungeon |  15122 |  13879 |   1243 |   2172 |   9487 |  11 | 1374.7 |
        Temple |    144 |    121 |     23 |      0 |    103 |   1 |  144.0 |
               +--------+--------+--------+--------+--------+-----+--------+

Top non-repeatable levels by time:
    D:10: 2521 daAuts
     D:4: 2040 daAuts
     D:6: 1811 daAuts
     D:8: 1674 daAuts
     D:9: 1636 daAuts
     D:5: 1559 daAuts
     D:3: 1151 daAuts
     D:2: 1095 daAuts
    D:11: 776 daAuts
     D:1: 528 daAuts
     D:7: 325 daAuts
  Temple: 144 daAuts
